 Dungeon Crawl Stone Soup version 0.27-a0-1378-gdefffd1ff6 (webtiles) character file.

Game seed: 18141426638726532036

9678 dickylongcocking the Fighter (level 11, -1/133 HPs)
             Began as a Djinni Venom Mage on June 29, 2021.
             Was a High Priest of Jiyva.
             Killed by drain life
             ... invoked by a soul eater
              (18 damage)
             ... in a Gauntlet.
             The game lasted 00:13:58 (12354 turns).

dickylongcocking the Fighter (Djinni Venom Mage)   Turns: 12354, Time: 00:13:58

Health: -1/133     AC:  9    Str: 13    XL:     11   Next: 78%
Gold:   60         EV: 12    Int: 19    God:    Jiyva [*****.] SH:  0 Dex: 17

rFire    + + +     SeeInvis .   v - +2 trident (vamp)
rCold    x . .     Faith    +   (no shield)
rNeg     . . .     Spirit   .   s - +0 acid dragon scales
rPois    ∞         Reflect  .   (no helmet)
rElec    .         Harm     .   (no cloak)
rCorr    +         Rampage  .   o - +0 pair of gloves
Will     +....     NoTele   +   (boots unavailable)
Stlth    ..........             t - amulet of Ymisett {Faith rF+}
HPRegen  0.32/turn              j - +6 ring of intelligence
MPRegen  0.00/turn              (no ring)

@: berserking, flying, very quick
A: sickness immunity, fire resistance 2, cold vulnerability 1, float, innate
caster, hp casting, extra vitality 1, iridescent scales 1, agile 1, sturdy frame
1
a: Renounce Religion, Request Jelly, Slimify, Cure Bad Mutation


You were in a Gauntlet.
You worshipped Jiyva.
Jiyva was extremely pleased with you.
You visited 2 branches of the dungeon, and saw 12 of its levels.
You also visited: Gauntlet.

You collected 195 gold pieces.
You spent 135 gold pieces at shops.

Inventory:

Hand Weapons
 b - a +0 whip
 v - a +2 vampiric trident (weapon)
Missiles
 m - 12 curare-tipped darts
 p - a throwing net
Armour
 a - a +0 robe
 o - a +0 pair of gloves (worn)
 s - +0 acid dragon scales (worn)
 x - a +2 robe of willpower
Magical Staves
 c - a staff of fire
Jewellery
 j - a +6 ring of intelligence (left hand)
 t - the amulet of Ymisett (around neck) {Faith rF+}
   (You bought it in a shop on level 10 of the Dungeon)

   [amulet of faith]

   It allows you to gain divine favour quickly.rF: It protects you from fire.
 u - a ring of flight
 w - the ring of the Original Sin {rN+ Dex+2}
   (You found it on level 11 of the Dungeon)

   [ring of positive energy]

   Dex:       It affects your dexterity (+2).
   rN:        It protects you from negative energy.
 y - a ring of resist corrosion
Wands
 l - a wand of flame (15)
Scrolls
 d - a scroll of fear {unknown}
 f - a scroll of summoning {unknown}
 g - a scroll of identify
 h - a scroll of immolation {unknown}
 i - a scroll of enchant weapon {unknown}
 k - 3 scrolls of vulnerability
 n - 2 scrolls of silence
Potions
 e - 3 potions of attraction {unknown}
 q - a potion of might {unknown}
 r - a potion of berserk rage


   Skills:
 - Level 12.0 Fighting
 * Level 1.9 Polearms
 - Level 2.1 Dodging
 - Level 1.5 Stealth
 * Level 10.0 Spellcasting


You had 4 spell levels left.
You knew the following spells:

 Your Spells              Type           Power      Damage    Failure   Level
a - Sting                 Tmut/Pois      100%       1d8       1%          1
b - Animate Dead          Necr           23%        N/A       1%          4
c - Spider Form           Tmut/Pois      23%        N/A       1%          3
d - Olgreb's Toxic Radia  Pois           47%        N/A       1%          4
e - Confusing Touch       Hex            47%        N/A       1%          3
f - Wereblood             Tmut           47%        N/A       1%          2
g - Foxfire               Conj/Fire      100%       2x1d9     1%          1
i - Ignite Poison         Fire/Tmut/Pois 47%        N/A       1%          3
p - Poisonous Vapours     Pois/Air       94%        N/A       1%          2
x - Mephitic Cloud        Conj/Pois/Air  47%        N/A       1%          3
Your spell library was empty.

Dungeon Overview and Level Annotations

Branches:
Dungeon (11/15)            Temple (1/1) D:4            Lair (0/6) D:9
Gauntlet (1/1)
    Orc: D:9-12

Altars:
Ashenzari
Dithmenos
Elyvilon
Fedhas
Gozag
Hepliaklqana
Kikubaaqudgha
Makhleb
Nemelex Xobeh
Okawaru
Qazlal
Ru
Trog
Uskayaw
Vehumet
Wu Jian
Yredelemnul
Zin
The Shining One
Jiyva

Shops:
D:1 =   D:7 *   D:10 *

Annotations:
Gauntlet 1 transporter


Innate Abilities, Weirdness & Mutations

You are immune to sickness and miasma.
You are immune to poison.
Your flesh is very heat resistant. (rF++)
You are vulnerable to cold. (rC-)
You float through the air rather than walking.
You learn spells naturally, not from books.
Your magical power is your life essence.
You have superior vitality. (+4 HP)
You are partially covered in iridescent scales. (AC +2)
You are agile. (Dex +2)
Your movements are slightly less encumbered by armour. (ER -2)


Message History

Okay, then.
Casting: Foxfire (safe; 1% risk of failure)
Confirm with . or Enter, or press ? or * to list all spells.
Okay, then.
Okay, then.
Casting: Foxfire (safe; 1% risk of failure)
Confirm with . or Enter, or press ? or * to list all spells.
Okay, then.
Casting: Foxfire (safe; 1% risk of failure)
Confirm with . or Enter, or press ? or * to list all spells.
Okay, then.
There is a transporter here.
The shadow imp gestures at you. You resist with significant effort.
The shadow imp hits you but does no damage.
You see here a ring of resist corrosion.
y - a ring of resist corrosion The shadow imp hits you.
The soul eater draws from the surrounding life force!
* * * LOW HITPOINT WARNING * * *
The soul eater is healed.
Unknown command.
Unknown command.
Unknown command.
Casting: Foxfire (safe; 1% risk of failure)
Confirm with . or Enter, or press ? or * to list all spells.
Okay, then.
It was a potion of berserk rage.
A red film seems to cover your vision as you go berserk!
You feel yourself moving faster!
You feel mighty! The shadow imp closely misses you.
The shadow imp barely misses you.
The soul eater draws from the surrounding life force!
* * * LOW HITPOINT WARNING * * *
Unknown command.
Unknown command.
You puncture the shadow imp!
You kill the shadow imp!
The shadow imp hits you but does no damage.
The soul eater draws from the surrounding life force!
You die...

####..♣P..♣.#.#####
#≈≈.........#.#....
#≈..#########.#...♣
##...#..8#8..#.#..P.
##≈.∩.#...8..)#.#.#≈#
##≈≈...#8.8.8..#.#.≈≈≈
#≈≈≈♣.©##8.©38©#©#.#≈#
#≈≈...#8.8.8.5#.#.≈≈≈
##≈.∩.#...8..@#.#.#≈#
##...#..8#8..#.#.PPP
#≈..#########.#...♣
#≈≈.........#.#....
####..♣...♣.#.#####
#≈..P....#.#BZ..
≈≈..♣.P.#.#.##.
###...P.#.#.#


You could see a soul eater, a spectral cane toad, a death scarab and a shadow
imp.

Vanquished Creatures
  A hydra (D:8)
  2 two-headed ogres
  Maggie (D:6)
  A komodo dragon (D:9)
  A troll (D:10)
  Grinder (D:6)
  Sigmund (D:2)
  2 wyverns
  2 wraiths (D:10)
  22 yaks
  A steam dragon (D:7)
  3 water moccasins
  3 orc warriors
  A black bear (D:7)
  4 ogres
  2 centaurs
  A phantom (D:7)
  A gnoll sergeant (D:9)
  A wyvern zombie (D:7)
  2 scorpions (D:4)
  A bullfrog (D:9)
  7 killer bees
  11 wights
  4 howler monkeys
  2 hounds (D:6)
  2 jellies
  A centaur skeleton (D:4)
  A gnoll shaman (D:4)
  3 orc priests
  2 bullfrog skeletons
  Ijyb (D:3)
  Natasha (D:3)
  2 iguanas
  5 orc wizards
  A hound zombie (D:5)
  2 adders
  8 gnolls
  A howler monkey skeleton (D:4)
  A shadow imp (Gauntlet)
  3 white imps
  An adder skeleton (D:4)
  A worm (D:2)
  4 dart slugs
  17 orcs
  5 ball pythons
  7 bats
  7 endoplasms
  3 giant cockroaches
  6 goblins
  7 hobgoblins
  3 jackals (D:1)
  A quokka (D:2)
  2 frilled lizards
  7 kobolds
  4 rats
187 creatures vanquished.

Vanquished Creatures (others)
  A steam dragon (D:9)
  A centaur (D:8)
  A scorpion (D:6)
  A water moccasin skeleton (D:6)
  4 wights
  3 killer bees (D:8)
  21 jellies
  A centaur skeleton (D:5)
  3 orc priests (D:10)
  2 iguanas
  An orc wizard (D:10)
  A howler monkey zombie (D:8)
  5 orcs
  A hobgoblin (D:5)
  2 demonic plants (Gauntlet)
  60 foxfires
  A fungus (Gauntlet)
  5 plants (D:9)
  4 withered plants (D:6)
118 creatures vanquished.

Grand Total: 305 creatures vanquished

Notes
Turn   | Place    | Note
-------+----------+-------------------------------------------
     0 | D:1      | dickylongcocking the Djinni Venom Mage began the quest for
                  | the Orb.
     0 | D:1      | Reached XP level 1. HP: 15/15 MP: 0/0
   353 | D:1      | Reached skill level 1 in Fighting
   353 | D:1      | Reached XP level 2. HP: 19/22 MP: 0/0
   528 | D:1      | Found Qyuh's Jewellery Shoppe.
  1152 | D:1      | Reached XP level 3. HP: 25/27 MP: 0/0
  1152 | D:1      | Learned a level 1 spell: Foxfire
  1319 | D:1      | Found a faded altar of an unknown god.
  2368 | D:2      | Reached skill level 2 in Fighting
  2828 | D:2      | Reached XP level 4. HP: 5/33 MP: 0/0
  3491 | D:2      | Noticed Sigmund
  3501 | D:2      | Killed Sigmund
  3502 | D:2      | Reached skill level 3 in Fighting
  3502 | D:2      | Reached XP level 5. HP: 31/41 MP: 0/0
  3502 | D:2      | Learned a level 2 spell: Wereblood
  3502 | D:2      | Reached XP level 6. HP: 36/47 MP: 0/0
  3661 | D:3      | Found a white marble altar of Elyvilon.
  3674 | D:3      | Noticed Natasha
  3674 | D:3      | Noticed Ijyb
  3678 | D:3      | Killed Natasha
  3678 | D:3      | Killed Ijyb
  3679 | D:3      | Reached skill level 4 in Fighting
  3934 | D:3      | Found a shadowy altar of Dithmenos.
  3943 | D:3      | You are sucked into a shaft and drop 1 floor!
  4144 | D:4      | Reached XP level 7. HP: 21/53 MP: 0/0
  4144 | D:4      | Learned a level 3 spell: Spider Form
  4535 | D:4      | Reached skill level 5 in Fighting
  4756 | D:4      | Reached skill level 5 in Spellcasting
  4893 | D:4      | Found a staircase to the Ecumenical Temple.
  5039 | Temple   | Entered the Ecumenical Temple
  5092 | Temple   | Became a worshipper of Jiyva Jirch the Shapeless
  5298 | D:5      | Entered Level 5 of the Dungeon
  5463 | D:5      | Found a sacrificial altar of Ru.
  5498 | D:5      | Reached XP level 8. HP: 44/60 MP: 0/0
  5593 | D:5      | Found a blossoming altar of Fedhas.
  5869 | D:6      | Noticed Grinder
  5873 | D:6      | Paralysed by Grinder for 7 turns
  5881 | D:6      | Killed Grinder
  5882 | D:6      | Reached skill level 6 in Fighting
  5950 | D:6      | Found a basalt altar of Yredelemnul.
  5950 | D:6      | Noticed Maggie
  5961 | D:6      | Killed Maggie
  5962 | D:6      | Reached skill level 7 in Fighting
  6200 | D:6      | Reached * piety under Jiyva
  6291 | D:6      | Found a broken altar of Ashenzari.
  6394 | D:6      | Reached XP level 9. HP: 58/68 MP: 0/0
  6394 | D:6      | Learned a level 3 spell: Confusing Touch
  6805 | D:6      | Found a sparkling altar of Nemelex Xobeh.
  6971 | D:7      | Reached skill level 8 in Fighting
  7067 | D:7      | Reached ** piety under Jiyva
  7176 | D:7      | Found Vikhleare's General Store.
  7816 | D:7      | Found a burning altar of Makhleb.
  7954 | D:8      | Reached skill level 9 in Fighting
  8394 | D:8      | Reached *** piety under Jiyva
  8521 | D:8      | Noticed a seven-headed hydra
  8522 | D:8      | Reached XP level 10. HP: 56/78 MP: 0/0
  8596 | D:8      | Found an opulent altar of Gozag.
  8626 | D:8      | Killed a seven-headed hydra
  8718 | D:8      | Reached **** piety under Jiyva
  8718 | D:8      | Gained mutation: You are agile. (Dex +2) [Jiyva's grace]
  8990 | D:8      | Found an iron altar of Okawaru.
  9214 | D:8      | Found a hazy altar of Hepliaklqana.
  9417 | D:8      | Found a bloodstained altar of Trog.
  9498 | D:9      | Reached skill level 10 in Fighting
  9947 | D:9      | Gained mutation: You are partially covered in iridescent
                  | scales. (AC +2) [Jiyva's grace]
 10024 | D:9      | Found a staircase to the Lair.
 10025 | D:9      | Noticed a komodo dragon
 10041 | D:9      | Killed a komodo dragon
 10042 | D:9      | Reached XP level 11. HP: 80/86 MP: 0/0
 10042 | D:9      | Learned a level 4 spell: Animate Dead
 10217 | D:9      | Reached ***** piety under Jiyva
 10408 | D:10     | Entered Level 10 of the Dungeon
 10431 | D:10     | Reached skill level 11 in Fighting
 10582 | D:10     | Found Wen Uzyczukk's Assorted Antiques.
 10588 | D:10     | Bought a bound bronze amulet for 135 gold pieces
 10588 | D:10     | Identified the amulet of Ymisett {Faith rF+} (You bought it
                  | in a shop on level 10 of the Dungeon)
 10643 | D:10     | Noticed a two-headed ogre
 10653 | D:10     | Killed a two-headed ogre
 11093 | D:10     | Reached skill level 12 in Fighting
 11207 | D:10     | Gained mutation: Your movements are slightly less
                  | encumbered by armour. (ER -2) [Jiyva's grace]
 12244 | D:11     | Identified the ring of the Original Sin {rN+ Dex+2}
 12265 | D:11     | Found a gate leading to a gauntlet.
 12276 | D:11     | Reached skill level 1 in Polearms
 12278 | D:11     | Noticed a two-headed ogre
 12284 | D:11     | Killed a two-headed ogre
 12285 | D:11     | Reached skill level 10 in Spellcasting
 12286 | Gauntlet | Entered a Gauntlet
 12286 | Gauntlet | Found a transporter.
 12297 | Gauntlet | Noticed a soul eater
 12345 | Gauntlet | Noticed a death scarab
 12345 | Gauntlet | Found a transporter.
 12354 | Gauntlet | Killed from afar by a soul eater

Illustrated notes

Levels and vault maps discovered:
D:1:      scummos_arrival_star, layout_basic, ebering_ecumenical_altar_rust,
          serial_shops, shop_statue, minmay_hexomino_f4
D:2:      layout_basic, uniq_sigmund
D:3:      layout_loops_ring, amcnicky_altar_gilded, overflow_temple_1_default,
          serial_shops, nicolae_shop_waterfront, gammafunk_ghost_icy,
          kennysheep_orc_chapel, uniq_natasha, uniq_terence, uniq_ijyb
D:4:      layout_basic, minmay_temple_entry_fiery
D:5:      layout_basic, nicolae_overflow_crystal_walls, fedhas_altar_2,
          vehumet_altar_wand_db
D:6:      layout_basic, yredelemnul_altar_generic, kennysheep_mini,
          lemuel_tele_altar, uniq_maggie, uniq_grinder
D:7:      layout_gridville, nicolae_overflow_hidden_temple,
          kennysheep_small_circle
D:8:      layout_basic, nzn_hepliaklqana_mist_gate, grunt_gozag_breadcrumbs,
          okawaru_trees_2, lemuel_round_altar
D:9:      layout_cave_pools, david_lair_shrubbed, chequers_serial_rivers_room_a
D:10:     layout_grid_maze, serial_shops, shop_fountains, chequers_arboretum
D:11:     layout_long_grid, gauntlet_entry_generic, minmay_diamond_spiral,
          uniq_erica
Temple:   pf_slime_end_temple
Gauntlet: minmay_gauntlet_77_tree [minmay_gauntlet_arena_77_terracotta_army,
          minmay_gauntlet_arena_77_p_blocks,
          minmay_gauntlet_arena_77_hold_the_fort,
          minmay_gauntlet_arena_77_two_paths,
          minmay_gauntlet_arena_77_two_lines,
          minmay_gauntlet_arena_77_run_for_it, minmay_gauntlet_arena_77_museum,
          gauntlet_exit_hidden_loot]

Skill      XL: |  1  2  3  4  5  6  7  8  9 10 11 |
---------------+----------------------------------+-----
Fighting       | 1 2 3 4 5 7 9 10 12 | 12.0
Spellcasting   | 3 4 5 6 7 8 10 | 10.0
Polearms       | 1 |  1.9
Dodging        | |  2.1
Stealth        | |  1.5

Action                   |  1- 3 |  4- 6 |  7- 9 | 10-12 || total
-------------------------+-------+-------+-------+-------++-------
Melee: Whip              |     5 |       |       |       ||     5
       Staff             |    18 |     7 |     9 |     8 ||    42
       Trident           |       |       |       |     3 ||     3
 Cast: Sting             |    80 |    10 |    22 |     2 ||   114
       Poisonous Vapours |     5 |     8 |    13 |       ||    26
       Foxfire           |       |     6 |    19 |    14 ||    39
       Ignite Poison     |       |     8 |    45 |    40 ||    93
       Olgreb's Toxic Ra |       |     3 |    16 |    31 ||    50
       Mephitic Cloud    |       |     2 |    16 |     7 ||    25
Invok: Request Jelly     |       |       |       |     1 ||     1
  Use: Potion            |       |       |     3 |     2 ||     5
       Scroll            |       |       |     5 |     2 ||     7
 Stab: Sleeping          |     1 |       |       |       ||     1
Armor: Robe              |    22 |     2 |     5 |       ||    29
       Acid dragon scale |       |       |     4 |    11 ||    15
Dodge: Dodged            |    62 |    17 |    50 |    21 ||   150

Table legend: (Time is in decaauts)
 A = Elapsed time spent in this place.
 B = Non-inter-level travel time spent in this place.
 C = Inter-level travel time spent in this place.
 D = Time resting spent in this place.
 E = Time spent auto-exploring this place.
 F = Levels seen in this place.
 G = Mean time per level.
                   A        B        C        D        E       F      G
               +--------+--------+--------+--------+--------+-----+--------+
         Total |  12347 |  11960 |    387 |   1203 |   9450 |  13 |  949.8 |
       Dungeon |  12209 |  11839 |    370 |   1147 |   9421 |  11 | 1109.9 |
        Temple |     70 |     54 |     16 |      0 |     29 |   1 |   70.0 |
      Gauntlet |     67 |     67 |      0 |     56 |      0 |   1 |   67.0 |
               +--------+--------+--------+--------+--------+-----+--------+

Top non-repeatable levels by time:
     D:1: 2344 daAuts
    D:10: 1825 daAuts
     D:7: 1386 daAuts
     D:4: 1285 daAuts
     D:2: 1281 daAuts
     D:8: 1179 daAuts
     D:6: 1032 daAuts
     D:9: 915 daAuts
     D:5: 571 daAuts
     D:3: 319 daAuts
  Temple: 70 daAuts
    D:11: 68 daAuts
Gauntlet: 67 daAuts
